elektra, chaotic female human Rogue -------------------------- |>......n.@..............| |......%----------------.| -------.------ |.| |...........| |.| |...........| |.| --------.----| |.| |............| |.| |............| |.| -----.-------- ------|.| |..........| --|.%...|.| |..........| |.-....%|.| |.......`.-- |-|.....|.| -------.---- |.-%....-.| |........| |-|..%..|-- |.`......| |.-..%$.| |...------ --|...%.| ----- ------- elektra the Rogue Experience level: 7 Strength: 18/08 Dexterity: 18 Constitution: 15 Intelligence: 14 Wisdom: 8 Charisma: 10 Health: 0(51) Energy: 27(27) Def: 5 Gold: 54 Moves: 7219 Dungeon seed: OyQGcHya9IzJmimb Game ID: elektra_1537446718 Your Inventory: Coins $ - 54 gold pieces Weapons a - an uncursed corroded +0 dagger named Sharptooth (weapon in hand) b - 14 uncursed +0 daggers h - a blessed +1 dagger m - a cursed -2 elven dagger G - 12 cursed -1 darts (in quiver) I - an uncursed +0 orcish dagger J - a cursed +0 elven dagger Q - an uncursed +0 trident Y - 8 cursed +0 darts Z - an uncursed +0 dagger Armor c - an uncursed +0 elven mithril-coat r - an uncursed +0 elven mithril-coat (being worn) y - a blessed rusty +0 orcish helm (being worn) z - an uncursed +0 dwarvish cloak (being worn) Comestibles l - an uncursed food ration E - an uncursed tripe ration F - 3 uncursed fortune cookies M - an uncursed orange Wands s - an uncursed wand of cancellation (0:4) K - an uncursed wand of sleep (0:5) Tools d - an uncursed sack k - an uncursed lock pick u - 5 blessed tallow candles (0:200) B - an uncursed bag of holding Contents of the bag of holding: 1344 gold pieces 2 uncursed cream pies 5 uncursed eggs an uncursed eucalyptus leaf 6 uncursed food rations an uncursed lichen corpse an uncursed partly eaten lichen corpse 3 uncursed tripe rations an uncursed scroll of blank paper an uncursed scroll of earth a cursed scroll of earth an uncursed scroll of enchant weapon a blessed scroll of fire an uncursed scroll of food detection a cursed scroll of identify an uncursed scroll of remove curse an uncursed scroll of scare monster a cursed potion of object detection a blessed potion of restore ability an uncursed potion of sleeping an uncursed +1 ring of protection an uncursed ring of protection from shape changers an uncursed ring of searching an uncursed ring of sustain ability an uncursed wand of create monster (0:10) an uncursed wand of enlightenment (0:15) an uncursed wand of enlightenment (0:10) an uncursed wand of speed monster (0:3) an uncursed leash an uncursed tin whistle an uncursed garnet stone an uncursed worthless piece of blue glass an uncursed worthless piece of green glass Spells and supernatural/magical abilities: Name Level Category Fail Memory W - pray for help -- divine ? -- Your skills at the end: Fighting Skills Weapon Skills dagger [Skilled] short sword [Basic] Spellcasting Skills Final Attributes: You were piously aligned. You were poison resistant. You were telepathic. You were stealthy. You are dead. Vanquished creatures: 2 giant mimics a leprechaun an iron piercer a dog 2 dingos a housecat a wood nymph a mountain nymph 2 orc shamans a rock mole a fog cloud 3 shriekers a kobold mummy a red naga hatchling a black naga hatchling a gray ooze a paper golem a giant ant a floating eye 3 rothes a rabid rat 4 centipedes 2 giant bats a monkey 4 orc zombies 2 dwarf zombies a wererat 4 iguanas 2 killer bees a coyote a gas spore 6 hobbits 8 manes 4 large kobolds 5 giant rats 4 cave spiders 2 brown molds 5 yellow molds 2 green molds 2 gnomes 2 garter snakes 4 gnome zombies 9 geckos 7 jackals 6 foxes 2 kobolds 3 goblins 4 sewer rats 13 grid bugs 4 bats 3 lichens a kobold zombie 8 newts 154 creatures vanquished. Voluntary challenges: You were an atheist. You used a wielded weapon 204 times, starting on turn 91. You read items or engraved 57 times, starting on turn 516. You never genocided any monsters. You never polymorphed an object. You never changed form. You used no wishes. You never split a pudding. You wrote Elbereth's name 56 times, starting on turn 516. You never violated your personal moral code. Dungeon overview: The Dungeons of Doom: levels 1 to 8 Level 1 a long staircase Level 2 a delicatessen, a fountain Level 3 a fountain Level 4 stairs to The Gnomish Mines Level 5 a fountain Level 6 Level 7 a weapon shop stairs to Sokoban Level 8 The Gnomish Mines: Level 5 stairs to The Dungeons of Doom Sokoban: levels 3 to 6 Level 3 <- You were here Level 4 Level 5 Level 6 stairs to The Dungeons of Doom History has recorded: On T:1 you entered the Dungeons of Doom to retrieve the Amulet of Yendor! On T:36 you reached level 2 of The Dungeons of Doom. On T:356 you reached level 3 of The Dungeons of Doom. On T:842 you reached level 4 of The Dungeons of Doom. On T:876 you advanced to experience level 2. On T:1321 you advanced to experience level 3. On T:1326 you reached level 1 of The Gnomish Mines. On T:1661 you advanced to experience level 4. On T:1697 you reached level 5 of The Dungeons of Doom. On T:1811 you reached level 6 of The Dungeons of Doom. On T:2423 you advanced to experience level 5. On T:2466 you reached level 7 of The Dungeons of Doom. On T:2745 you reached level 8 of The Dungeons of Doom. On T:2765 you reached level 4 of Sokoban. On T:3148 you reached level 3 of Sokoban. On T:3747 you advanced to experience level 6. On T:4594 you reached level 2 of Sokoban. On T:5372 you reached level 1 of Sokoban. On T:5397 you advanced to experience level 7. Score breakdown: Gold: 1398 (10700 points) Experience: 7 levels (13645 points) Exploration: 8 levels ( 17.39%) (11832 points) Discoveries: 6 items ( 2.01%) ( 4256 points) Valuables value: (no points given unless you survive) Artifact value: 0 ( 0 points) Variety of kills: 53 monsters ( 13.91%) (11189 points) Turncount: 7219 turns (-1897 points) Survival: died (score multiplied by 80%) Total score: 39780 Latest messages: The dart misses the mountain nymph. The mountain nymph stole a wand of striking. A mysterious force prevents the mountain nymph from teleporting! The dart hits the mountain nymph. G - a dart (in quiver). The dart hits the mountain nymph. The mountain nymph zaps a wand of striking! The wand hits you! The dart hits the mountain nymph. The mountain nymph zaps a wand of striking! The wand hits you! You hear the howling of the CwnAnnwn... The dart slips as you throw it! The mountain nymph zaps a wand of striking! The wand hits you! You die... The sack is empty. The sack is empty. Final status: Goodbye elektra the Rogue, killed by a wand... You died in Sokoban on dungeon level 3 with 39780 points, and 1398 pieces of gold, after 7219 moves. You were level 7 with a maximum of 51 hit points when you died.